 Dungeon Crawl Stone Soup version 0.31-a0-1338-gb567cfdca4 (webtiles) character file.

Game seed: 6955653809000209280

31724 Lobster4 the Arsonist (level 13, -4/99 HPs)
             Began as a Human Fire Elementalist on Dec 22, 2023.
             Was a Priest of Nemelex Xobeh.
             Killed from afar by a frost giant (18 damage)
             ... with a bolt of cold
             ... on level 10 of the Dungeon.
             The game lasted 01:02:56 (19013 turns).

Lobster4 the Arsonist (Human Fire Elementalist)    Turns: 19013, Time: 01:02:56

Health: -4/99      AC: 10    Str: 20    XL:     13   Next: 60%
Magic:  6/24       EV: 13    Int: 18    God:    Nemelex Xobeh [***...]
Gold:   1124       SH:  6    Dex: 14    Spells: 17/27 levels left

rFire   + . .        K - +2 short sword (venom)
rCold   . . .        n - +0 buckler
rNeg    . . .        f - +1 robe of Minor Irritation {Will- Regen+ Str+3 Archmagi}
rPois   .            P - +2 hat {SInv}
rElec   .            M - +1 cloak
rCorr   .            (no gloves)
SInv    +            S - +1 pair of boots
Will    .....        (no amulet)
Stlth   ++           k - ring of protection from fire
HPRegen 1.16/turn    w - +6 ring of strength
MPRegen 0.19/turn

%: archmagi
@: no status effects
A: explore regen
a: Renounce Religion, Draw Escape, Draw Destruction, Draw Summoning, Triple Draw


You were on level 10 of the Dungeon.
You worshipped Nemelex Xobeh.
Nemelex Xobeh was most pleased with you.
You visited 3 branches of the dungeon, and saw 13 of its levels.
You also visited: Sewer.

You collected 1344 gold pieces.
You spent 220 gold pieces at shops.

Inventory:

Hand Weapons
 m - a +0 hand axe
 s - a +4 flail
 B - a +2 dagger of freezing
 D - a +5 war axe of freezing
 K - a +2 short sword of venom (weapon)
 T - a +0 antimagic triple crossbow
 U - the +2 mace "Vefaollo" {flame, Fly Int-3 Dex+2 Stlth+}
   (You found it on level 1 of the Orcish Mines)

   Int-3:     It affects your intelligence (-3).
   Dex+2:     It affects your dexterity (+2).
   Fly:       It grants you flight.
   Stlth+:    It makes you more stealthy.
 V - the +5 battleaxe of Vuerhi {spect, rC++ rCorr}
   (You found it on level 1 of the Orcish Mines)

   rC++:      It greatly protects you from cold.
   rCorr:     It protects you from acid and corrosion.
Missiles
 d - a throwing net
 j - 3 curare-tipped darts
 t - 24 poisoned darts
 C - 9 boomerangs
Armour
 f - the +1 robe of Minor Irritation (worn) {Will- Regen+ Str+3 Archmagi}
   (You found it in a sewer)

   Str+3:     It affects your strength (+3).
   Will-:     It decreases your willpower.
   Regen+:    It increases your rate of health regeneration.
   Archmagi:  It increases the power of your magical spells.
 n - a +0 buckler (worn)
 y - the +3 scale mail of Untold Secrets {rPois Int+3}
   (You found it on level 4 of the Dungeon)

   Int+3:     It affects your intelligence (+3).
   rPois:     It protects you from poison
 M - a +1 cloak (worn)
 P - a +2 hat of see invisible (worn)
 S - a +1 pair of boots (worn)
Magical Staves
 E - a staff of conjuration
Jewellery
 k - a ring of protection from fire (left hand)
 o - a ring of willpower
 p - a ring of ice
 w - a +6 ring of strength (right hand)
 N - a ring of ice
Wands
 l - a wand of polymorph (4)
 H - a wand of paralysis (17)
 J - a wand of roots (12)
 L - a wand of flame (8)
Scrolls
 a - 3 scrolls of identify
 b - a scroll of enchant weapon
 e - 4 scrolls of teleportation
 g - 3 scrolls of revelation
 i - a scroll of immolation
 r - a scroll of fog
 z - a scroll of enchant armour
 A - a scroll of noise
 R - a scroll of silence
 W - a scroll of amnesia
Potions
 c - a potion of mutation
 q - 8 potions of curing
 u - 5 potions of enlightenment
 v - a potion of brilliance
 F - a potion of attraction
 G - a potion of berserk rage
 I - a potion of haste
 Q - a potion of cancellation
Miscellaneous
 O - a phial of floods


   Skills:
 + Level 8.6 Fighting
 + Level 8.4 Armour
 - Level 5.0 Dodging
 - Level 2.0 Stealth
 - Level 7.0 Shields
 + Level 7.8 Spellcasting
 + Level 8.5 Conjurations
 * Level 12.1 Fire Magic
 - Level 3.0 Air Magic
 - Level 4.1 Alchemy
 - Level 5.0 Invocations
 - Level 3.0 Evocations


You had 17 spell levels left.
You knew the following spells:

 Your Spells              Type           Power      Damage    Failure   Level
a - Foxfire               Conj/Fire      100%       2x1d9     1%          1
b - Scorch                Fire           100%       2d9       1%          2
c - Sting                 Conj/Alch      100%       1d9       1%          1
d - Flame Wave            Conj/Fire      60%        2d14      1%          4
e - Mercury Vapours       Alch/Air       58%        N/A       4%          2

Your spell library contained the following spells:

 Spells                   Type           Power      Damage    Failure   Level
 Momentum Strike          Conj/Tloc      66%        3d9       3%          2
 Inner Flame              Hex/Fire       43%        N/A       3%          3
 Volatile Blastmotes      Fire/Tloc      86%        2d17      3%          3
 Hailstorm                Conj/Ice       33%        3d8       6%          3
 Freeze                   Ice            40%        1d6       12%         1
 Blink                    Tloc           20%        N/A       19%         2
 Jinxbite                 Hex            20%        N/A       19%         2
 Lesser Beckoning         Tloc           20%        N/A       19%         2
 Olgreb's Toxic Radiance  Alch           33%        N/A       22%         4
 Irradiate                Conj/Alch      22%        3d19      24%         5
 Frozen Ramparts          Ice            20%        1d4       34%         3
 Petrify                  Alch/Erth      21%        N/A       45%         4
 Yara's Violent Unravell  Hex/Alch       10%        3d6       80%         5
 Ignition                 Fire           33%        3d10      99%         8
 Summon Cactus Giant      Summ           5%         N/A       100%        6
 Enfeeble                 Hex            5%         N/A       100%        7


Dungeon Overview and Level Annotations

Branches:
Dungeon (10/15)            Temple (1/1) D:6             Orc (2/2) D:10
    Elf (0/3) Orc:2         Sewer (visited)
   Lair: D:8-11

Altars:
Ashenzari
Cheibriados
Dithmenos
Elyvilon
Fedhas
Gozag
Hepliaklqana
Kikubaaqudgha
Makhleb
Nemelex Xobeh
Okawaru
Qazlal
Ru
Sif Muna
Trog
Uskayaw
Vehumet
Wu Jian
Xom
Yredelemnul
Zin
The Shining One

Shops:
Orc:2 (::*:

Annotations:
D:10 1 runed translucent door, exclusion: two-headed ogre, Destinykillz's ghost, novice TrFi


Innate Abilities, Weirdness & Mutations

You regain HP and MP as you explore.


Message History

The frost giant looks as sick as possible!
Casting: Scorch (safe; 1% risk of failure)
Confirm with . or Enter, or press ? or * to list all spells.
You feel a surge of power!
Flames lash the frost giant but do no damage.
The frost giant is engulfed in a cloud of scalding steam.
The frost giant casts a spell at you. The bolt of cold misses you.
Lobster4's illusion hits the frost giant but does no damage.
The frost giant looks as sick as possible!
Unknown command.
Casting: Scorch (safe; 1% risk of failure)
Confirm with . or Enter, or press ? or * to list all spells.
You feel a surge of power!
Flames lash the frost giant but do no damage.
The frost giant is engulfed in a cloud of scalding steam.
Lobster4's illusion hits the frost giant.
The frost giant looks as sick as possible!
Unknown command.
Casting: Scorch (safe; 1% risk of failure)
Confirm with . or Enter, or press ? or * to list all spells.
You feel a surge of power!
Flames lash the frost giant.
The frost giant is burned terribly!
The frost giant is severely wounded.
The frost giant gestures at you while chanting.
The bolt of cold hits you!!!
* * * LOW HITPOINT WARNING * * *
Lobster4's illusion gestures at the frost giant while chanting.
The sting hits the frost giant.
The frost giant looks as sick as possible!
Unknown command.
Casting: Scorch (safe; 1% risk of failure)
Confirm with . or Enter, or press ? or * to list all spells.
You feel a surge of power!
Flames lash the frost giant.
The frost giant is burned terribly!
The frost giant is almost dead.
The frost giant points at you and mumbles some strange words.
The bolt of cold hits you!!
You die...
Your body glows with a rainbow of weird colours and disappears.

####.########..#.#.###.##.# #.#
..##.# #..#.#.##...#.# #.# ..##)#
#..#.#.#......# #.# ..##.#
#..#.#........###.# ..##.##
#....#.........##.# ..##.?#
###..###............#
...##.#####....###.........####
[..[......#.#......).......######
................@..[.............
......<..########.########.##....
.........#♣≈ ♣♣C~♣♣ ♣≈♣####.###
....)....#♣≈♣♣♣♣~@≈~♣♣♣≈♣# #.# #
#....[...#.~P♣.~♣.~♣♣♣P~.# #.# #
#........#♣P~♣~.♣~.♣♣♣~P♣# #.# #
#........#♣♣♣~♣♣♣.~~~~♣♣♣ #.###
#..####### ### #.##### #####.
##.#♣♣.♣ ♣♣♣♣♣♣♣.♣♣♣♣♣♣♣ ♣♣.♣♣#.


You could see a frost giant (extremely poisoned, combustible, ally target) and
the friendly Lobster4's illusion (summoned).

Vanquished Creatures
  Gastronok (D:9)
  A stone giant (Orc:1)
  An ettin (Orc:1)
  2 centaur warriors
  4 two-headed ogres
  Sonja (Orc:1)
  A harpy (D:10)
  4 orc knights (Orc:2)
  An orc sorcerer (Orc:1)
  Maurice (D:7)
  10 cyclopes (Orc:1)
  5 kobold blastminers
  A yaktaur (D:10)
  A kobold demonologist (D:10)
  A tengu conjurer (D:10)
  Psyche (D:9)
  3 meliai (D:10)
  A hornet (D:10)
  3 trolls
  A wraith (D:10)
  12 yaks
  A wyvern (D:6)
  A shadow (D:10)
  Eustachio (D:6)
  A basilisk (D:10)
  5 wargs
  2 steam dragons
  4 vampire mosquitoes (D:10)
  A water moccasin (D:6)
  2 sky beasts
  26 orc warriors
  2 ice beasts
  12 ogres
  A black bear (D:5)
  2 crocodiles (Sewer)
  A tengu (Orc:2)
  3 wolves (Orc:1)
  8 centaurs
  4 kobold brigands
  4 gnoll sergeants (D:10)
  2 bullfrogs
  4 scorpions
  A wight (D:6)
  23 killer bees
  5 howler monkeys
  A crimson imp (D:8)
  2 jellies
  3 gnoll boudas
  13 orc priests
  2 hounds
  2 sleepcaps (D:7)
  4 iguanas
  Terence (D:2)
  13 orc wizards
  A sickly merfolk siren (Sewer)
  A malarious merfolk avatar (Sewer)
  15 gnolls
  13 adders
  3 river rats
  3 bombardier beetles
  3 white imps
  5 worms
  A dart slug (D:3)
  65 orcs
  7 bats
  10 endoplasms
  16 giant cockroaches
  14 hobgoblins
  A jackal (Orc:1)
  18 kobolds
  12 quokkas
  15 ball pythons
  12 frilled lizards
  15 goblins
  A goblin skeleton (D:8)
  A goblin zombie (D:8)
  3 hobgoblin zombies (D:8)
  2 orc skeletons (D:8)
  6 rats
456 creatures vanquished.

Vanquished Creatures (collateral kills)
  3 cyclopes (Orc:1)
  A warg (Orc:1)
  An orc warrior (Orc:1)
  A wolf (Orc:1)
  2 orcs (Orc:1)
8 creatures vanquished.

Vanquished Creatures (others)
  1298 foxfires
1298 creatures vanquished.

Grand Total: 1762 creatures vanquished

Notes
Turn   | Place    | Note
-------+----------+-------------------------------------------
     0 | D:1      | Lobster4 the Human Fire Elementalist began the quest for
                  | the Orb.
     0 | D:1      | Reached XP level 1. HP: 13/13 MP: 3/3
   189 | D:1      | Reached XP level 2. HP: 20/20 MP: 0/5
   192 | D:1      | Learned a level 2 spell: Scorch
   415 | D:1      | Got the Secrets of the Geological Tincture
   727 | D:1      | Reached XP level 3. HP: 25/25 MP: 3/6
   733 | D:1      | Reached skill level 1 in Armour
  1168 | D:1      | Reached skill level 1 in Fighting
  1553 | D:2      | Reached XP level 4. HP: 31/32 MP: 2/7
  1652 | D:2      | Noticed Terence
  2372 | D:3      | Found a faded altar of an unknown god.
  2524 | D:3      | Found a glowing drain.
  2548 | D:3      | Reached XP level 5. HP: 37/37 MP: 2/8
  2593 | Sewer    | Entered a sewer
  2703 | Sewer    | Noticed a crocodile
  2717 | Sewer    | Learned a level 1 spell: Sting
  2987 | Sewer    | Killed a crocodile
  2988 | Sewer    | Reached skill level 1 in Shields
  2988 | Sewer    | Reached skill level 4 in Fire Magic
  2988 | Sewer    | Reached XP level 6. HP: 44/44 MP: 6/10
  3053 | Sewer    | Reached skill level 1 in Alchemy
  3144 | Sewer    | Identified the +1 robe of Minor Irritation {Will- Regen+
                  | Str+3 Archmagi}
  3157 | Sewer    | Reached skill level 5 in Dodging
  3157 | Sewer    | Reached skill level 7 in Fire Magic
  3157 | Sewer    | Reached XP level 7. HP: 55/55 MP: 10/14
  3161 | Sewer    | Learned a level 2 spell: Mercury Vapours
  3694 | D:3      | Found a blossoming altar of Fedhas.
  4291 | D:2      | Killed Terence
  4470 | D:4      | Reached XP level 8. HP: 54/61 MP: 10/15
  4830 | D:4      | Found a hide-covered altar of Uskayaw.
  5064 | D:4      | Found a shimmering blue altar of Sif Muna.
  5151 | D:4      | Identified the +3 scale mail of Untold Secrets {rPois
                  | Int+3}
  5543 | D:5      | Entered Level 5 of the Dungeon
  6256 | D:5      | Reached skill level 5 in Conjurations
  6438 | D:5      | Reached skill level 1 in Evocations
  6675 | D:6      | Reached skill level 5 in Fighting
  6741 | D:6      | Found a staircase to the Ecumenical Temple.
  6750 | Temple   | Entered the Ecumenical Temple
  6766 | Temple   | Became a worshipper of Nemelex Xobeh the Trickster
  6798 | D:6      | Reached XP level 9. HP: 68/68 MP: 7/16
  6906 | D:6      | Reached skill level 1 in Air Magic
  7163 | D:5      | Learned a level 4 spell: Flame Wave
  7388 | D:6      | Reached skill level 5 in Spellcasting
  7507 | D:6      | Noticed Eustachio
  7532 | D:6      | Killed Eustachio
  7533 | D:6      | Reached skill level 5 in Armour
  7860 | D:6      | Reached skill level 1 in Invocations
  7951 | D:6      | Found a radiant altar of Vehumet.
  8020 | D:6      | Found a sacrificial altar of Ru.
  8146 | D:6      | Found a broken altar of Ashenzari.
  8339 | D:7      | Noticed a two-headed ogre
  8344 | D:7      | Killed a two-headed ogre
  8345 | D:7      | Reached skill level 8 in Fire Magic
  8345 | D:7      | Reached XP level 10. HP: 74/74 MP: 9/17
  8508 | D:7      | Reached * piety under Nemelex Xobeh
  8651 | D:7      | Received a gift from Nemelex Xobeh
  9126 | D:7      | Noticed Maurice
  9136 | D:7      | Killed Maurice
  9137 | D:7      | Reached skill level 5 in Shields
 10137 | D:8      | Noticed a two-headed ogre
 10280 | D:8      | Reached ** piety under Nemelex Xobeh
 10363 | D:8      | Received a gift from Nemelex Xobeh
 10378 | D:8      | Found a hazy altar of Hepliaklqana.
 10453 | D:8      | Found a glowing golden altar of the Shining One.
 10843 | D:9      | Noticed Gastronok
 10880 | D:9      | Killed Gastronok
 10897 | D:9      | Noticed Psyche
 10899 | D:9      | Killed Psyche
 10900 | D:9      | Reached XP level 11. HP: 81/81 MP: 19/19
 11379 | D:9      | Noticed a two-headed ogre
 11466 | D:9      | Found a stormy altar of Qazlal.
 11505 | D:9      | Reached skill level 9 in Fire Magic
 11872 | D:9      | Killed a two-headed ogre
 11944 | D:10     | Entered Level 10 of the Dungeon
 12947 | D:10     | Noticed a two-headed ogre
 12969 | D:10     | Killed a two-headed ogre
 13397 | D:10     | Noticed Destinykillz's ghost (novice TrFi)
 13406 | D:10     | Found a runed translucent door.
 13628 | D:10     | Found a shimmering altar of Xom.
 13713 | D:10     | Reached XP level 12. HP: 89/89 MP: 15/21
 13732 | D:10     | Reached skill level 10 in Fire Magic
 13944 | D:10     | Noticed a frost giant
 14063 | D:10     | Found a staircase to the Orcish Mines.
 14239 | Orc:1    | Entered Level 1 of the Orcish Mines
 14259 | D:10     | Reached skill level 5 in Invocations
 14365 | D:10     | Noticed a centaur warrior
 14375 | D:10     | Killed a centaur warrior
 14573 | Orc:1    | Reached *** piety under Nemelex Xobeh
 14778 | Orc:1    | Noticed Sonja
 14783 | Orc:1    | Killed Sonja
 15590 | Orc:1    | Reached skill level 11 in Fire Magic
 15955 | Orc:1    | Noticed a stone giant
 15958 | Orc:1    | Reached XP level 13. HP: 98/98 MP: 9/23
 16080 | Orc:1    | Noticed an ettin
 16120 | Orc:1    | Killed an ettin
 16276 | Orc:1    | Killed a stone giant
 16416 | Orc:1    | Found the +7 mace of Variability {chaos, chaos arc}
 16422 | Orc:1    | Identified the +5 battleaxe of Vuerhi {spect, rC++ rCorr}
 16423 | Orc:1    | Identified the +2 mace "Vefaollo" {flame, Fly Int-3 Dex+2
                  | Stlth+}
 16477 | Orc:2    | Entered Level 2 of the Orcish Mines
 16498 | Orc:2    | Received a gift from Nemelex Xobeh
 18068 | Orc:2    | Found Tomubeuh's Weapon Boutique.
 18122 | Orc:2    | Reached skill level 12 in Fire Magic
 18300 | Orc:2    | Found a staircase to the Elven Halls.
 18388 | Orc:2    | Found Keeka's Vocational Training.
 18651 | Orc:2    | Found Evour's Assorted Antiques.
 18653 | Orc:2    | Found Ajoemeej's Book Shoppe.
 18654 | Orc:2    | Received a gift from Nemelex Xobeh
 18655 | Orc:2    | Found Iwoneysk's Book Shop.
 18659 | Orc:2    | Bought a scroll labelled NEZUAW ZIARHAM for 22 gold pieces
 18846 | Orc:2    | Bought a bloodstained scale mail for 198 gold pieces
 18846 | Orc:2    | Identified the +0 scale mail of the Neverending Orbs {rC-
                  | Int+7 Dex+3} (You bought it in a shop on level 2 of the
                  | Orcish Mines)
 19013 | D:10     | Killed from afar by a frost giant

Illustrated notes

Levels and vault maps discovered:
D:1:      orjb1_lava_funnel, layout_loops_cross
D:2:      kennysheep_the_goblin_king, layout_basic, uniq_terence
D:3:      layout_basic, fedhas_altar_2, nicolae_ecumenical_pavilion,
          cheibrodos_sewer_entry_drain, minmay_joined_circles
D:4:      nicolae_BIG_FREAKIN_CUBE, layout_basic, lemuel_crystal_altar,
          lemuel_round_altar
D:5:      layout_rooms
D:6:      layout_gridville, kennysheep_mini_moat, lemuel_doored_altar,
          kennysheep_mini, minmay_temple_entry_trees, minmay_fractal_squares_5,
          uniq_eustachio
D:7:      layout_gridville, uniq_maurice
D:8:      layout_cave_pods, nicolae_tso_besieged_by_evil,
          nzn_hepliaklqana_mist_gate
D:9:      layout_roguey, mainiacjoe_overflow_six_doors_small, uniq_gastronok,
          uniq_psyche
D:10:     nzn_winding_woodlands_cross [nzn_winding_woodlands_5x15_parted,
          nzn_winding_woodlands_5x15_pool,
          nzn_winding_woodlands_5x15_lazy_stream,
          nzn_winding_woodlands_5x15_cabin,
          nzn_winding_woodlands_15x15_boxy_spiral], layout_loops_ring,
          kennysheep_little_box, kennysheep_orc_monster_closet_entryway,
          hellmonk_ghost_big_iron
Temple:   nicolae_temple_bog_church
Orc:1:    giant_chief_lemuel, layout_caves,
          regret_index_minedec_shroomtown_chain, uniq_sonja
Orc:2:    st_orc_rangers, layout_caves, serial_shops, nicolae_shop_mannequins,
          nicolae_shop_vocational

Skill      XL: |  1  2  3  4  5  6  7  8  9 10 11 12 13 |
---------------+----------------------------------------+-----
Armour         | 1 2 4 5 6 7 8 |  8.4
Fighting       | 1 4 5 6 7 8 |  8.6
Conjurations   | 2 4 5 6 7 8 |  8.5
Shields        | 1 4 5 6 7 |  7.0
Fire Magic     | 4 7 8 9 11 12 | 12.1
Dodging        | 5 |  5.0
Alchemy        | 4 |  4.1
Spellcasting   | 4 5 6 7 |  7.8
Evocations     | 1 2 3 |  3.0
Air Magic      | 2 3 |  3.0
Invocations    | 1 3 4 5 |  5.0
Stealth        | |  2.0

Action                     |  1- 3 |  4- 6 |  7- 9 | 10-12 | 13-15 || total
---------------------------+-------+-------+-------+-------+-------++-------
  Melee: Unarmed           |    13 |       |       |       |       ||    13
         Dagger            |    13 |    38 |     1 |     5 |       ||    57
         Flail             |       |    21 |     4 |       |       ||    25
         Punch             |       |     1 |       |       |       ||     1
         Short sword       |       |       |       |    59 |     9 ||    68
  Throw: Dart              |       |       |       |     1 |       ||     1
   Cast: Foxfire           |    56 |    61 |   207 |   289 |   147 ||   760
         Scorch            |    12 |    19 |    66 |   164 |    99 ||   360
         Sting             |       |       |    23 |       |       ||    23
         Mercury Vapours   |       |       |     4 |    41 |     3 ||    48
         Flame Wave        |       |       |       |     8 |     3 ||    11
 Invoke: Draw Destruction  |       |       |       |    10 |    10 ||    20
         Draw Summoning    |       |       |       |     3 |     3 ||     6
  Evoke: Wand              |       |       |       |    15 |       ||    15
    Use: Potion            |     1 |     2 |     1 |     3 |     2 ||     9
         Scroll            |       |     9 |     8 |    11 |     2 ||    30
   Stab: Paralysed         |       |       |       |     4 |       ||     4
         Sleeping          |       |       |       |     1 |       ||     1
 Armour: Robe              |    26 |    35 |    29 |   133 |   123 ||   346
  Dodge: Dodged            |    60 |    53 |    52 |   135 |   109 ||   409
  Block: Buckler           |       |       |       |    46 |    45 ||    91

Table legend: (Time is in decaauts)
 A = Elapsed time spent in this place.
 B = Non-inter-level travel time spent in this place.
 C = Inter-level travel time spent in this place.
 D = Time resting spent in this place.
 E = Time spent auto-exploring this place.
 F = Levels seen in this place.
 G = Mean time per level.
                   A        B        C        D        E       F      G
               +--------+--------+--------+--------+--------+-----+--------+
         Total |  19175 |  18627 |    548 |   6087 |   8471 |  14 | 1369.6 |
       Dungeon |  13958 |  13627 |    331 |   3857 |   7243 |  10 | 1395.8 |
        Temple |     32 |      2 |     30 |      0 |      0 |   1 |   32.0 |
  Orcish Mines |   4482 |   4295 |    187 |   1940 |   1162 |   2 | 2241.0 |
         Sewer |    701 |    701 |      0 |    290 |     66 |   1 |  701.0 |
               +--------+--------+--------+--------+--------+-----+--------+

Top non-repeatable levels by time:
   Orc:1: 3138 daAuts
    D:10: 2412 daAuts
     D:9: 1443 daAuts
     D:7: 1377 daAuts
     D:1: 1361 daAuts
   Orc:2: 1344 daAuts
     D:5: 1287 daAuts
     D:6: 1283 daAuts
     D:3: 1248 daAuts
     D:4: 1230 daAuts
     D:2: 1198 daAuts
     D:8: 1116 daAuts
   Sewer: 701 daAuts
  Temple: 32 daAuts
